 Dungeon Crawl Stone Soup version 0.28.0-47-ge53b351184 (webtiles) character file.

Game seed: 14205901804075001865

1 joe1234567 the Sneak (level 1, -2/15 HPs)
             Began as a Naga Hedge Wizard on May 7, 2022.
             Slain by a jackal (3 damage)
             ... on level 1 of the Dungeon.
             The game lasted 00:00:32 (80 turns).

joe1234567 the Sneak (Naga Hedge Wizard)              Turns: 80, Time: 00:00:32

Health: -2/15      AC:  1    Str: 12    XL:     1   Next: 20%
Magic:  1/4        EV:  9    Int: 14    God:
Gold:   0          SH:  0    Dex: 10    Spells: 5/6 levels left

rFire   . . .      SeeInvis +   a - +0 dagger
rCold   . . .      Faith    .   (no shield)
rNeg    . . .      Spirit   .   b - +0 robe
rPois   +          Reflect  .   c - +0 hat
rElec   .          Harm     .   (no cloak)
rCorr   .          Rampage  .   (no gloves)
Will    .....                   (no barding)
Stlth   ++........              (no amulet)
HPRegen 0.05/turn               (no ring)
MPRegen 0.09/turn               (no ring)

@: very slow
A: AC +0, large, see invisible, deformed body, poison resistance, slowness 2,
spit poison 1, naga tail 1
a: Spit Poison


You were on level 1 of the Dungeon.
You visited 1 branch of the dungeon, and saw 1 of its levels.

Inventory:

Hand Weapons
 a - a +0 dagger (weapon)
Armour
 b - a +0 robe (worn)
 c - a +0 hat (worn)
Potions
 d - a potion of heal wounds {unknown}


   Skills:
 + Level 1.5 Dodging
 + Level 3.0 Stealth
 + Level 3.0 Spellcasting
 + Level 1.0 Conjurations
 + Level 1.0 Summonings
 + Level 1.0 Translocations


You had 5 spell levels left.
You knew the following spells:

 Your Spells              Type           Power      Damage    Failure   Level
a - Magic Dart            Conj           16%        1d3       14%         1

Your spell library contained the following spells:

 Spells                   Type           Power      Damage    Failure   Level
 Slow                     Hex            8%         N/A       22%         1
 Blink                    Tloc           8%         N/A       22%         2
 Call Imp                 Summ           4%         N/A       22%         2
 Conjure Flame            Conj/Fire      3%         6-21      45%         3
 Mephitic Cloud           Conj/Pois/Air  3%         N/A       50%         3


Dungeon Overview and Level Annotations

Branches:
Dungeon (1/15)

Altars:


Innate Abilities, Weirdness & Mutations

Your serpentine skin is tough. (AC +0)
You have supernaturally acute eyesight. (SInv)
Armour fits poorly on your strangely shaped body.
Your system is resistant to poisons. (rPois)
You cover ground very slowly.
You can spit poison.
You have a snake-like lower body.


Message History

The jackal barks!
You hear a bark! x2
A jackal comes into view. x3
You hear a bark!
The magic dart hits the jackal.
The jackal is almost dead.
The jackal barks! x2
A jackal comes into view.
You miscast Magic Dart.
You are very lightly contaminated with residual magic.
Nothing appears to happen.
The magic dart hits the jackal.
You kill the jackal!
A jackal comes into view.
The jackal bites you. x2
A jackal comes into view.
You closely miss the jackal.
The jackal barks!
The jackal bites you. x2; The jackal misses you.
The jackal barely misses you.
You closely miss the jackal. The jackal barely misses you.
A rat comes into view.
An endoplasm comes into view.
The jackal barely misses you.
A jackal comes into view.
The jackal barely misses you. The jackal bites you.
You barely miss the jackal. The jackal barely misses you.
Your magical contamination has completely faded away.
You barely miss the jackal. The jackal barely misses you. x2
The jackal bites you but does no damage.
The jackal bites you.
You closely miss the jackal. The jackal bites you.
* * * LOW HITPOINT WARNING * * *
The jackal closely misses you. The jackal barely misses you.
The jackal bites you.
* * * LOW HITPOINT WARNING * * *
The jackal closely misses you.
The jackal barks! x2
You hit the jackal.
The jackal is heavily wounded.
You hear a shout!
The jackal closely misses you. The jackal bites you.
You die...

... .# ... ..## .# ...
...##.# ... J
..h..##.# ..##
#.#.....# #
.....#.#.#..########
.##
#.rhhh..........###..#
#hhh@.####..# .....
#.###.......###..# #
####♣#......#
#≈≈≈≈≈##..######
#♣≈≈≈♣##.......#
###♣≈♣###.....#..
#.##≈##.#.....#
#..'≈...#.....#
#<##≈##.#.....#


You could see 7 jackals and a rat.

Vanquished Creatures
  A jackal (D:1)
1 creature vanquished.

Notes
Turn   | Place    | Note
-------+----------+-------------------------------------------
     0 | D:1      | joe1234567 the Naga Hedge Wizard began the quest for the
                  | Orb.
     0 | D:1      | Reached XP level 1. HP: 15/15 MP: 4/4
    80 | D:1      | Slain by a jackal

Illustrated notes

Levels and vault maps discovered:
D:1:      sevenhm_arrival_forest_fort_small_4, layout_rooms

Action                   || total
-------------------------++-------
Melee: Dagger            ||     6
 Cast: Magic Dart        ||     3
Armor: Robe              ||     1
Dodge: Dodged            ||    12
